PL
VANCOUVER GREY WOLVES @ NORTHERN VIRGINIA RAINBOW MERMAIDS
07/05/2034
 
TOP OF THE 1ST
Vancouver Grey Wolves batting - Pitching for Northern Virginia Rainbow Mermaids : LHP Chris Sommer
Pitching: LHP Chris Sommer
Batting: RHB Urs van Munster 0-0: Called Strike
0-1: Foul Ball, location: 2F
0-2: Ball
1-2: Ball
2-2: Ball
3-2: Foul Ball, location: 2F
3-2: Fly out, F9 (Line Drive, 89M)
Batting: RHB Hugh Mungus 0-0: Foul Ball, location: 2F
0-1: Called Strike
0-2: Foul Ball, location: 2F
0-2: Ball
1-2: Strikes out looking
Batting: RHB Ángelo Delgado 0-0: Ground out 5-3 (Groundball, 5S)
Top of the 1st over - 0 runs, 0 hits, 0 errors, 0 left on base; Vancouver 0 - Northern Virginia 0
BOTTOM OF THE 1ST
Northern Virginia Rainbow Mermaids batting - Pitching for Vancouver Grey Wolves : RHP Ray Skipworth
Pitching: RHP Ray Skipworth
Batting: RHB Colt Cabana 0-0: Fly out, F9 (Flyball, 89M)
Batting: SHB Eustacio Tafalla 0-0: Foul Ball, location: 2F
0-1: Foul Ball, location: 2F
0-2: Ball
1-2: Ball
2-2: Ball
3-2: Ground out 5-3 (Groundball, 56S)
Batting: RHB Zahid Kashani 0-0: Ball
1-0: Foul Ball, location: 2F
1-1: Ball
2-1: Fly out, F8 (Flyball, 8LD)
Bottom of the 1st over - 0 runs, 0 hits, 0 errors, 0 left on base; Vancouver 0 - Northern Virginia 0
TOP OF THE 2ND
Vancouver Grey Wolves batting - Pitching for Northern Virginia Rainbow Mermaids : LHP Chris Sommer
Batting: LHB Preston Witt 0-0: Called Strike
0-1: Ball
1-1: Ball
2-1: Called Strike
2-2: Ball
3-2: Ground out 6-3 (Groundball, 6)
Batting: RHB Iván Vega 0-0: SINGLE (Line Drive, 7LS)
Batting: RHB Gabriel Hernández 0-0: Ball
1-0: Called Strike
1-1: Called Strike
1-2: Strikes out swinging
Batting: LHB Michael Malloy 0-0: Ball
1-0: Called Strike
1-1: Ground out 4-3 (Groundball, 4D)
Top of the 2nd over - 0 runs, 1 hit, 0 errors, 1 left on base; Vancouver 0 - Northern Virginia 0
BOTTOM OF THE 2ND
Northern Virginia Rainbow Mermaids batting - Pitching for Vancouver Grey Wolves : RHP Ray Skipworth
Batting: SHB Takashi Noda 0-0: SINGLE (Groundball, 34D)
Batting: LHB Bart Walton 0-0: Ball
1-0: Foul Ball, location: 2F
1-1: Fly out, F7 (Line Drive, 7S)
Batting: RHB Tommy Socorro 0-0: Foul Ball, location: 2F
0-1: Foul Ball, location: 2F
0-2: Ball
1-2: Strikes out swinging
Batting: LHB Shelby Noonan 0-0: Ball
1-0: Foul Ball, location: 2F
1-1: Fly out, F7 (Flyball, 7S)
Bottom of the 2nd over - 0 runs, 1 hit, 0 errors, 1 left on base; Vancouver 0 - Northern Virginia 0
TOP OF THE 3RD
Vancouver Grey Wolves batting - Pitching for Northern Virginia Rainbow Mermaids : LHP Chris Sommer
Batting: LHB Johan Kroening 0-0: Called Strike
0-1: Swinging Strike
0-2: Ball
1-2: Ball
2-2: Ball
3-2: Base on Balls
Batting: RHB Wilson Vega 0-0: Fielders Choice at 2nd, 6-4 (Groundball, 6)
Batting: RHB Urs van Munster 0-0: Ball
1-0: Ball
2-0: Ball
3-0: Called Strike
3-1: Foul Ball, location: 2F
3-2: Fly out, F9 (Flyball, 89D)
Batting: RHB Hugh Mungus 0-0: Ball
1-0: Foul Ball, location: 2F
1-1: Called Strike
Wilson Vega steals 2nd base
1-2: Ball
2-2: Fly out, F8 (Flyball, 8LM)
Top of the 3rd over - 0 runs, 0 hits, 0 errors, 1 left on base; Vancouver 0 - Northern Virginia 0
BOTTOM OF THE 3RD
Northern Virginia Rainbow Mermaids batting - Pitching for Vancouver Grey Wolves : RHP Ray Skipworth
Batting: RHB Steven Rohrs 0-0: Swinging Strike
0-1: Swinging Strike
0-2: Strikes out swinging
Batting: LHB Rio Mence 0-0: Called Strike
0-1: Called Strike
0-2: Ground out U3 (Groundball, 3)
Batting: RHB Colt Cabana 0-0: Called Strike
0-1: Foul Ball, location: 2F
0-2: Ball
1-2: Foul Ball, location: 2F
1-2: Foul Ball, location: 2F
1-2: Ball
2-2: Ball
3-2: Foul Ball, location: 2F
3-2: Fly out, F8 (Line Drive, 78M)
Bottom of the 3rd over - 0 runs, 0 hits, 0 errors, 0 left on base; Vancouver 0 - Northern Virginia 0
TOP OF THE 4TH
Vancouver Grey Wolves batting - Pitching for Northern Virginia Rainbow Mermaids : LHP Chris Sommer
Batting: RHB Ángelo Delgado 0-0: Called Strike
0-1: SINGLE (Groundball, 6MD)
Batting: LHB Preston Witt 0-0: Called Strike
0-1: Swinging Strike
0-2: Ball
1-2: Fly out, F6 (Flyball, 6D)
Batting: RHB Iván Vega 0-0: DOUBLE (Line Drive, 78M)
Ángelo Delgado to third
Batting: RHB Gabriel Hernández 0-0: Called Strike
0-1: Ball
1-1: Fly out, F2 (Popup, 2RF)
Batting: LHB Michael Malloy 0-0: Called Strike
0-1: Ground out U3 (Groundball, 34)
Top of the 4th over - 0 runs, 2 hits, 0 errors, 2 left on base; Vancouver 0 - Northern Virginia 0
BOTTOM OF THE 4TH
Northern Virginia Rainbow Mermaids batting - Pitching for Vancouver Grey Wolves : RHP Ray Skipworth
Batting: SHB Eustacio Tafalla 0-0: Ball
1-0: Ball
2-0: Called Strike
2-1: Swinging Strike
2-2: Foul Ball, location: 2F
2-2: Ball
3-2: Ground out 4-3 (Groundball, 4)
Batting: RHB Zahid Kashani 0-0: SINGLE (Groundball, 4D)
Batting: SHB Takashi Noda 0-0: Ball
Zahid Kashani steals 2nd base
1-0: Called Strike
1-1: Fly out, F7 (Flyball, 7S)
Batting: LHB Bart Walton 0-0: Foul Ball, location: 2F
0-1: Ball
1-1: Foul Ball, location: 2F
1-2: Ball
2-2: Foul Ball, location: 2F
2-2: Foul Ball, location: 2F
2-2: Fly out, F9 (Flyball, 9LM)
Bottom of the 4th over - 0 runs, 1 hit, 0 errors, 1 left on base; Vancouver 0 - Northern Virginia 0
TOP OF THE 5TH
Vancouver Grey Wolves batting - Pitching for Northern Virginia Rainbow Mermaids : LHP Chris Sommer
Batting: LHB Johan Kroening 0-0: Called Strike
0-1: Ball
1-1: Ball
2-1: SINGLE (Line Drive, 4D)
Batting: RHB Wilson Vega 0-0: Ball
1-0: Ball
2-0: Called Strike
2-1: Ball
3-1: Called Strike
3-2: Grounds into double play, 6-4-3 (Groundball, 6)
Batting: RHB Urs van Munster 0-0: Called Strike
0-1: Called Strike
0-2: SINGLE (Line Drive, 5D)
Batting: RHB Hugh Mungus 0-0: Called Strike
Urs van Munster steals 2nd base
0-1: Swinging Strike
0-2: Ball
1-2: Strikes out swinging
Top of the 5th over - 0 runs, 2 hits, 0 errors, 1 left on base; Vancouver 0 - Northern Virginia 0
BOTTOM OF THE 5TH
Northern Virginia Rainbow Mermaids batting - Pitching for Vancouver Grey Wolves : RHP Ray Skipworth
Batting: RHB Tommy Socorro 0-0: Ball
1-0: SINGLE (Groundball, 56D)
Batting: LHB Shelby Noonan 0-0: Foul Ball, location: 2F
0-1: Fly out, F7 (Line Drive, 78M)
Batting: RHB Steven Rohrs 0-0: Called Strike
0-1: Ball
1-1: Ball
2-1: Foul Ball, location: 2F
2-2: Strikes out looking
Batting: LHB Rio Mence 0-0: Ball
1-0: Ball
Wild Pitch!
Tommy Socorro to second
2-0: Ball
3-0: Base on Balls
Batting: RHB Colt Cabana 0-0: Foul Ball, location: 2F
0-1: Ball
1-1: SINGLE (Line Drive, 78S)
Tommy Socorro to third
Rio Mence to second
Runner from 3rd tries for Home, SAFE, no throw
Batting: SHB Eustacio Tafalla 0-0: Ball
1-0: Ball
2-0: Ball
3-0: Called Strike
3-1: Called Strike
3-2: Base on Balls
Rio Mence to third
Colt Cabana to second
Batting: RHB Zahid Kashani 0-0: Foul Ball, location: 2F
0-1: Ball
1-1: Foul Ball, location: 2F
1-2: Ball
2-2: Foul Ball, location: 2F
2-2: Foul Ball, location: 2F
2-2: Fielders Choice at 2nd, 6-4 (Groundball, 6)
Bottom of the 5th over - 1 run, 2 hits, 0 errors, 3 left on base; Vancouver 0 - Northern Virginia 1
TOP OF THE 6TH
Vancouver Grey Wolves batting - Pitching for Northern Virginia Rainbow Mermaids : LHP Chris Sommer
Batting: RHB Ángelo Delgado 0-0: Ball
1-0: Ball
2-0: Foul Ball, location: 2F
2-1: Swinging Strike
2-2: Foul Ball, location: 2F
2-2: SINGLE (Groundball, 3D)
Batting: LHB Preston Witt 0-0: Foul Ball, location: 2F
0-1: Ball
1-1: Ball
2-1: Ball
3-1: Called Strike
3-2: Strikes out looking
Batting: RHB Iván Vega 0-0: SINGLE (Groundball, 6MD)
Ángelo Delgado to second
Batting: RHB Gabriel Hernández 0-0: Ball
1-0: Ball
2-0: Foul Ball, location: 2F
2-1: Foul Ball, location: 2F
2-2: Grounds into double play, 5-4-3 (Groundball, 56)
Top of the 6th over - 0 runs, 2 hits, 0 errors, 1 left on base; Vancouver 0 - Northern Virginia 1
BOTTOM OF THE 6TH
Northern Virginia Rainbow Mermaids batting - Pitching for Vancouver Grey Wolves : RHP Ray Skipworth
Batting: SHB Takashi Noda 0-0: Called Strike
0-1: Ball
1-1: Foul Ball, location: 2F
1-2: Foul Ball, location: 2F
1-2: Foul Ball, location: 2F
1-2: Foul Ball, location: 2F
1-2: Foul Ball, location: 2F
1-2: Fly out, F6 (Line Drive, 6)
Batting: LHB Bart Walton 0-0: Called Strike
0-1: Called Strike
0-2: Ball
1-2: Foul Ball, location: 2F
1-2: Ball
2-2: Ball
3-2: Fly out, F8 (Flyball, 89M)
Batting: RHB Tommy Socorro 0-0: Called Strike
0-1: Swinging Strike
0-2: Foul Ball, location: 2F
0-2: Foul Ball, location: 2F
0-2: Ball
1-2: Fly out, F7 (Line Drive, 78D)
Bottom of the 6th over - 0 runs, 0 hits, 0 errors, 0 left on base; Vancouver 0 - Northern Virginia 1
TOP OF THE 7TH
Vancouver Grey Wolves batting - Pitching for Northern Virginia Rainbow Mermaids : LHP Chris Sommer
Batting: LHB Michael Malloy 0-0: Swinging Strike
0-1: Ball
1-1: Foul Ball, location: 2F
1-2: Ball
2-2: Strikes out looking
Batting: LHB Johan Kroening 0-0: Swinging Strike
0-1: Ball
1-1: Ground out 4-3 (Groundball, 4M)
Batting: RHB Wilson Vega 0-0: Swinging Strike
0-1: Called Strike
0-2: Strikes out looking
Top of the 7th over - 0 runs, 0 hits, 0 errors, 0 left on base; Vancouver 0 - Northern Virginia 1
BOTTOM OF THE 7TH
Northern Virginia Rainbow Mermaids batting - Pitching for Vancouver Grey Wolves : RHP Ray Skipworth
Pitching: LHP Ramón Costello
Batting: LHB Shelby Noonan 0-0: Called Strike
0-1: Foul Ball, location: 2F
0-2: Foul Ball, location: 2F
0-2: Strikes out looking
Batting: RHB Steven Rohrs 0-0: DOUBLE (Line Drive, 8RD)
Pinch Hitting: RHB Rand McNally 0-0: Ball
1-0: Ball
2-0: Foul Ball, location: 2F
2-1: Foul Ball, location: 2F
2-2: Foul Ball, location: 2F
2-2: Strikes out swinging
Batting: RHB Colt Cabana 0-0: Ball
1-0: Ball
2-0: Ball
3-0: Called Strike
3-1: Base on Balls
Batting: SHB Eustacio Tafalla 0-0: Ball
1-0: Ball
2-0: Fly out, F7 (Flyball, 7S)
Bottom of the 7th over - 0 runs, 1 hit, 0 errors, 2 left on base; Vancouver 0 - Northern Virginia 1
TOP OF THE 8TH
Vancouver Grey Wolves batting - Pitching for Northern Virginia Rainbow Mermaids : LHP Chris Sommer
Pitching: RHP Juan Valdéz
Now at SS: Marcos Alfaro
Batting: RHB Urs van Munster 0-0: Ball
1-0: Foul Ball, location: 2F
1-1: SINGLE (Line Drive, 4D)
Batting: RHB Hugh Mungus 0-0: Called Strike
0-1: Swinging Strike
0-2: Reached on error, E5 (Groundball, 56)
Urs van Munster to second
Batting: RHB Ángelo Delgado 0-0: Swinging Strike
0-1: Ball
1-1: Ball
2-1: Grounds into double play, 4-6-3 (Groundball, 4)
Urs van Munster to third
Pitching: RHP Folkert van Huizen
Batting: LHB Preston Witt 0-0: Called Strike
0-1: Foul Ball, location: 2F
0-2: Ball
1-2: Ground out U3 (Groundball, 34)
Top of the 8th over - 0 runs, 1 hit, 1 error, 1 left on base; Vancouver 0 - Northern Virginia 1
BOTTOM OF THE 8TH
Northern Virginia Rainbow Mermaids batting - Pitching for Vancouver Grey Wolves : LHP Ramón Costello
Pitching: LHP Sjaak Bonne
Batting: RHB Zahid Kashani 0-0: Ball
1-0: Ball
2-0: Called Strike
2-1: Foul Ball, location: 2F
2-2: Fly out, F7 (Flyball, 7LS)
Batting: SHB Takashi Noda 0-0: Ball
1-0: Foul Ball, location: 2F
1-1: Ball
2-1: SINGLE (Flyball, 8RS)
Batting: LHB Bart Walton 0-0: Called Strike
0-1: Foul Ball, location: 2F
0-2: Ball
1-2: Strikes out swinging
Batting: RHB Tommy Socorro 0-0: Foul Ball, location: 2F
0-1: Ball
1-1: Ball
2-1: Ball
3-1: Called Strike
3-2: Base on Balls
Takashi Noda to second
Batting: LHB Shelby Noonan 0-0: Swinging Strike
0-1: Swinging Strike
0-2: Ball
1-2: Foul Ball, location: 2F
1-2: Strikes out looking and he ARGUES THE CALL AND IS TOSSED!
Bottom of the 8th over - 0 runs, 1 hit, 0 errors, 2 left on base; Vancouver 0 - Northern Virginia 1
TOP OF THE 9TH
Vancouver Grey Wolves batting - Pitching for Northern Virginia Rainbow Mermaids : RHP Folkert van Huizen
Batting: RHB Iván Vega 0-0: Ball
1-0: Called Strike
1-1: Ball
2-1: Foul Ball, location: 2F
2-2: Strikes out swinging
Batting: RHB Gabriel Hernández 0-0: SINGLE (Line Drive, 89S)
Pinch Runner at 1st Sixto Estrada:
Batting: LHB Michael Malloy 0-0: Called Strike
0-1: Ball
1-1: Ball
2-1: Ball
3-1: Foul Ball, location: 2F
3-2: Base on Balls
Sixto Estrada to second
Batting: LHB Johan Kroening 0-0: Called Strike
0-1: Ball
1-1: Ball
2-1: Swinging Strike
2-2: Foul Ball, location: 2F
2-2: Fly out, F9 (Line Drive, 9LM)
Batting: RHB Wilson Vega 0-0: Ball
1-0: Called Strike
1-1: Ground out 3-1 (Groundball, 34S)
Top of the 9th over - 0 runs, 1 hit, 0 errors, 2 left on base; Vancouver 0 - Northern Virginia 1
Friday, March 29th, 2019 - OOTP Baseball 18.8 Build 76